 Dungeon Crawl Stone Soup version 0.25-a0-340-ga1faa1601d (webtiles) character file.

Game seed: 3295682979176823198, levelgen mode: deterministic

121 sankara the Poker (level 4, -1/33 HPs)
             Began as a Vampire Gladiator on Dec 29, 2019.
             Slain by a killer bee (2 damage)
             ... on level 2 of the Dungeon.
             The game lasted 00:05:19 (1659 turns).

sankara the Poker (Vampire Gladiator)               Turns: 1659, Time: 00:05:19

Health: -1/33      AC:  4    Str: 14    XL:     4   Next: 77%
Magic:  13/13      EV: 14    Int: 10    God:
Gold:   130        SH:  0    Dex: 15    Spells: 3/3 levels left

rFire    . . .     SeeInvis +   a - +0 trident
rCold    + . .     Gourm    .   (no shield)
rNeg     . . .     Faith    .   b - +0 leather armour
rPois    .         Spirit   .   c - +0 helmet
rElec    .         Reflect  .   (no cloak)
rCorr    .         Harm     .   (no gloves)
MR       .....                  (no boots)
Stlth    +.........             p - amulet of regeneration {+regen, !d}
HPRegen  0.71/turn              i - ring of magical power {MP+9}
MPRegen  0.13/turn              j - ring of protection from cold {rC+, !d}

@: lethally poisoned (-1 -> -2), regenerating quickly
A: no food, fangs 3, see invisible, unbreathing
a: Exsanguinate


You were on level 2 of the Dungeon.
You were alive.

You visited 1 branch of the dungeon, and saw 3 of its levels.

You collected 130 gold pieces.

Inventory:

Hand Weapons
 a - a +0 trident (weapon)
 q - a +0 dagger
   (You took it off a kobold on level 2 of the Dungeon)
Missiles
 d - 3 throwing nets {=f, !d}
 m - 14 poisoned darts (quivered)
Armour
 b - a +0 leather armour (worn)
 c - a +0 helmet (worn)
Jewellery
 i - a ring of magical power (left hand) {MP+9}
   (You found it on level 1 of the Dungeon)
 j - a ring of protection from cold (right hand) {rC+, !d}
   (You found it on level 1 of the Dungeon)
 p - an amulet of regeneration (around neck) {+regen, !d}
   (You found it on level 1 of the Dungeon)
Scrolls
 e - 2 scrolls of identify {unknown}
 f - a scroll of immolation {unknown}
 g - a scroll of enchant armour {unknown}
 h - 2 scrolls of remove curse {unknown}
 k - 2 scrolls of fog {unknown}
 r - a scroll of noise {unknown}
 s - a scroll of amnesia {unknown}
Potions
 l - a potion of might {unknown}
 n - a potion of curing {unknown}
 o - a potion of ambrosia {unknown}
 t - a potion of lignification {unknown}


   Skills:
 - Level 1.7 Fighting
 * Level 4.4 Polearms
 - Level 1.5 Throwing
 + Level 4.4 Dodging


You had 3 spell levels left.
You didn't know any spells.
Your spell library contained the following spells:

 Spells                   Type           Power        Failure   Level  Hunger
 Confusing Touch          Hex            #.....       43%         1    N/A
 Confuse                  Hex            #.......     82%         3    N/A
 Gell's Gravitas          Tloc           #.........   82%         3    N/A
 Petrify                  Tmut/Erth      #.......     99%         4    N/A
 Metabolic Englaciation   Hex/Ice        #.........   100%        5    N/A
 Yara's Violent Unravell  Hex/Tmut       #.........   100%        5    N/A

Dungeon Overview and Level Annotations

Branches:
Dungeon (3/15)

Altars:
Cheibriados


Innate Abilities, Weirdness & Mutations

You do not eat.
Your natural rate of healing is unusually fast.
You have razor-sharp teeth.
You have supernaturally acute eyesight. (SInv)
You can survive without breathing.


Message History

The killer bee closely misses you. The killer bee barely misses you.
The killer bee stings you! The killer bee completely misses you.
The killer bee misses you. The killer bee stings you.
The killer bee completely misses you. The killer bee closely misses you.
The killer bee completely misses you.
The killer bee stings you but does no damage.
The killer bee stings you.
You are poisoned.
The killer bee poisons you! The killer bee barely misses you.
There is a stone staircase leading up here.
You feel sick. The killer bee misses you. The killer bee completely misses you.
You climb upwards.
There is a stone staircase leading down here.
You barely miss the killer bee.
You feel sick. The killer bee barely misses you.
The killer bee stings you but does no damage.
You are too injured to fight recklessly!
You are too injured to fight recklessly!
You are too injured to fight recklessly!
You are too injured to fight recklessly!
You are too injured to fight recklessly!
Attack whom?
Press: ? - help, Dir - move target cursor, f - killer bee
Aim: a killer bee You closely miss the killer bee.
The killer bee stings you but does no damage.
The killer bee completely misses you.
Attack whom?
Press: ? - help, Dir - move target cursor, f/p - killer bee
Aim: a killer bee You closely miss the killer bee.
Your bite misses the killer bee. The killer bee misses you.
The killer bee stings you but does no damage.
Attack whom?
Press: ? - help, Dir - move target cursor, f/p - killer bee
Aim: a killer bee You barely miss the killer bee.
You feel sick. The killer bee misses you. The killer bee stings you!
You are more poisoned.
The killer bee poisons you!
Attack whom?
Press: ? - help, Dir - move target cursor, f/p - killer bee
Aim: a killer bee You miss the killer bee.
You bite the killer bee, but do no damage.
The killer bee barely misses you. The killer bee misses you.
Attack whom?
Press: ? - help, Dir - move target cursor, f/p - killer bee
Aim: a killer bee Your leather armour prevents you from hitting the killer bee.
You feel sick. The killer bee barely misses you.
The killer bee completely misses you.
Attack whom?
Press: ? - help, Dir - move target cursor, f/p - killer bee
Aim: a killer bee You closely miss the killer bee.
You feel sick. The killer bee stings you! The killer bee stings you.
You are more poisoned.
The killer bee poisons you! The killer bee closely misses you.
Attack whom?
Press: ? - help, Dir - move target cursor, f/p - killer bee
Aim: a killer bee You puncture the killer bee!
The killer bee is moderately wounded.
You feel sick. The killer bee misses you. The killer bee stings you.
* * * LOW HITPOINT WARNING * * *
Attack whom?
Press: ? - help, Dir - move target cursor, f/p - killer bee
Aim: a killer bee (moderately wounded)
You puncture the killer bee!
The killer bee is almost dead.
You feel sick.
The killer bee stings you but does no damage.
The killer bee misses you.
Attack whom?
Press: ? - help, Dir - move target cursor, f/p - killer bee
Aim: a killer bee (almost dead)
You miss the killer bee.
The killer bee is almost dead.
You feel sick. The killer bee misses you. x2
Attack whom?
Press: ? - help, Dir - move target cursor, f/p - killer bee
Aim: a killer bee (almost dead)
You miss the killer bee.
You bite the killer bee, but do no damage.
The killer bee is almost dead.
You feel sick. The killer bee closely misses you. The killer bee stings you.
* * * LOW HITPOINT WARNING * * *
Attack whom?
Press: ? - help, Dir - move target cursor, f/p - killer bee
Aim: a killer bee (almost dead)
You barely miss the killer bee.
The killer bee is almost dead.
* * * LOW HITPOINT WARNING * * *
You feel sick. The killer bee barely misses you. The killer bee stings you.
You die...

##.##)..........####.# #.#
#.##.##>####.....##.###
#.#
#.##.##.##............#
#.#
#.......##.#####.####.#
#.# ####.#####.# #.# #.#
#.# #.# #.# #.# #.# #.#
#.## #.#####.####.###.####
#..# #....y........>......
##.# #..#@........###.####
#.# #..#..#####..# #.# #.#
#..#..# #..# #.# #.#
#..#..#####..# #.# #.#
#............###.## #.#
##.#..#####.###..<###
#.#####.#..# #.....#..†.
#.......#..# #####...###
#########..##########.....


You could see a killer bee.

Vanquished Creatures
  Natasha (D:3)
  2 adders (D:2)
  4 oozes
  4 dart slugs
  An orc (D:3)
  A ball python (D:1)
  4 giant cockroaches
  5 goblins
  9 hobgoblins
  6 jackals
  5 kobolds
  A quokka (D:2)
  2 bats (D:1)
  3 frilled lizards
  4 rats
52 creatures vanquished.

Notes
Turn   | Place    | Note
-------+----------+-------------------------------------------
     0 | D:1      | sankara the Vampire Gladiator began the quest for the Orb.
     0 | D:1      | Reached XP level 1. HP: 16/16 MP: 1/1
     3 | D:1      | Noticed an electric eel
     3 | D:1      | Noticed an electric eel
    16 | D:1      | Reached skill level 3 in Polearms
    19 | D:1      | Reached XP level 2. HP: 19/22 MP: 2/2
   560 | D:1      | Reached XP level 3. HP: 27/27 MP: 3/3
   911 | D:2      | Reached skill level 4 in Dodging
   975 | D:2      | Found a faded altar of an unknown god.
  1062 | D:2      | Reached skill level 4 in Polearms
  1062 | D:2      | Reached XP level 4. HP: 33/33 MP: 4/4
  1074 | D:2      | Found a snail-covered altar of Cheibriados.
  1583 | D:3      | Noticed Natasha
  1597 | D:3      | Killed Natasha
  1655 | D:2      | HP: 6/33 [killer bee (4)]
  1658 | D:2      | HP: 1/33 [killer bee (3)]
  1659 | D:2      | Slain by a killer bee

Levels and vault maps discovered:
D:1:      arrival_aquarium_b, layout_basic
D:2:      layout_loops_ring, kennysheep_slug_shrine,
          chequers_ecumenical_altar_twisty
D:3:      layout_rooms, first_ration, uniq_natasha, uniq_ijyb, uniq_sigmund

Skill      XL: |  1  2  3 |
---------------+----------+-----
Polearms       | 3 4 |  4.4
Dodging        | 4 |  4.4
Fighting       | |  1.7
Throwing       | |  1.5

Action                   |  1- 3 |  4- 6 || total
-------------------------+-------+-------++-------
Melee: Trident           |   117 |    62 ||   179
       Bite              |    10 |     6 ||    16
 Stab: Sleeping          |     1 |       ||     1
Armor: Leather armour    |    23 |    16 ||    39
Dodge: Dodged            |    62 |    54 ||   116

Table legend:
 A = Non-vault XP
 B = Vault XP
 C = Vault XP percentage of total XP
 D = Non-vault monster count
 E = Vault monster count
 F = Vault count percentage of total count
                 A         B        C        D         E       F
            +---------+---------+-------+---------+---------+-------
      Total |     135 |      39 |  22.4 |      50 |       2 |   3.8
            +---------+---------+-------+---------+---------+-------
        D:1 |      55 |       0 |   0.0 |      25 |       0 |   0.0
        D:2 |      70 |       4 |   5.4 |      23 |       1 |   4.2
        D:3 |      10 |      35 |  77.8 |       2 |       1 |  33.3
            +---------+---------+-------+---------+---------+-------

Levels and vault maps discovered:
D:1:      arrival_aquarium_b, layout_basic
D:2:      layout_loops_ring, kennysheep_slug_shrine,
          chequers_ecumenical_altar_twisty
D:3:      layout_rooms, first_ration, uniq_natasha, uniq_ijyb, uniq_sigmund

Table legend:
 A = Turns spent in this place as a percentage of turns spent in the entire game.
 B = Non-inter-level travel turns spent in this place as a percentage of non-inter-level travel turns spent in the entire game.
 C = Inter-level travel turns spent in this place as a percentage of turns spent in this place.
 D = Turns resting spent in this place as a percentage of non-inter-level travel turns spent in this place.
 E = Turns spent auto-exploring this place as a percentage of non-inter-level travel turns spent in this place.
 F = Non-inter-level travel turns spent in this place divided by the number of levels of this place that you've seen.
                   A       B       C       D       E      F
               +-------+-------+-------+-------+-------+----------------------
         Total | 100.0 | 100.0 |   4.6 |   4.8 |  70.9 | 527.3
       Dungeon | 100.0 | 100.0 |   4.6 |   4.8 |  70.9 | 527.3
               +-------+-------+-------+-------+-------+----------------------

Table legend:
 A = Kills in this place as a percentage of kills in entire the game.
 B = Kills by you in this place as a percentage of kills by you in the entire game.
 C = Kills by friends in this place as a percentage of kills by friends in the entire game.
 D = Other kills in this place as a percentage of other kills in the entire game.
 E = Experience gained in this place as a percentage of experience gained in the entire game.
 F = Experience gained in this place divided by the number of levels of this place that you have seen.
                   A       B       C       D       E      F
               +-------+-------+-------+-------+-------+----------------------
         Total | 100.0 | 100.0 |   N/A |   N/A | 100.0 |  58.0
       Dungeon | 100.0 | 100.0 |   N/A |   N/A | 100.0 |  58.0
               +-------+-------+-------+-------+-------+----------------------
